Map: Amygdala

Players

MaxPax - Winner!

  • Race: Protoss Protoss
  • Spawn Location: 1:00

LiquidClem (Clem)

  • Race: Terran Terran
  • Spawn Location: 7:00

VOD

Have the link to the VOD?

Description

Time

  • Played on: Jan. 5, 2025, 4:24 p.m.
  • Length: 10:19
Show
View Real Time Build Order
Export as new Build Order

MaxPax Protoss - Winner!

Build Orders: 1 Gate Expand, Blink Stalkers 

Get SALT Encoding   

  12  0:00  Probe  
  13  0:12  Probe  
  14  0:17  Pylon  
  14  0:23  Probe  
  15  0:31  Probe  
  16  0:36  Gateway  
  16  0:39  Probe  
  16  0:45  Assimilator  
  17  0:50  Probe  
  18  1:03  Probe  
  19  1:15  Probe  
  20  1:22  Cybernetics Core  
  20  1:31  Nexus  
  20  1:33  Probe  
  21  1:40  Pylon  
  21  1:45  Probe  
  22  1:48  Assimilator, Adept  
  22  1:58  Probe  
  22  2:00  Warp Gate  
  25  2:08  Adept  
  25  2:10  Probe  
  26  2:22  Probe  
  29  2:27  Twilight Council  
  29  2:34  Probe  
  29  2:35  Blink  
  30  2:40  Stalker  
  30  2:44  Probe  
  33  2:46  Probe  
  34  2:56  Probe  
  35  3:04  Probe  
  34  3:08  Probe  
  34  3:10  Gateway  
  35  3:16  Probe  
  36  3:20  Probe  
  36  3:24  Robotics Facility  
  37  3:28  Gateway, Probe  
  37  3:32  Probe  
  39  3:40  Probe  
  39  3:45  Probe  
  38  3:52  Probe  
  38  3:57  Probe  
  38  3:59  Pylon  
  39  4:04  Stalker x2, Probe  
  39  4:09  Probe  
  45  4:11  Observer  
  45  4:17  Probe  
  47  4:19  Nexus  
  47  4:25  Probe  
  47  4:28  Stalker  
  50  4:34  Stalker  
  50  4:35  Probe  
  52  4:39  Probe  
  53  4:47  Probe  
  53  4:52  Assimilator  
  54  4:56  Pylon  
  54  5:00  Pylon  
  54  5:02  Observer  
  54  5:07  Pylon  
  54  5:11  Shield Battery  
  54  5:12  Observer  
  54  5:14  Probe x2, Observer  
  54  5:16  Stalker x2  
  54  5:18  Stalker  
  63  5:23  Charge  
  63  5:26  Probe x2  
  63  5:28  Observer  
  65  5:31  Probe  
  66  5:37  Observer  
  66  5:38  Probe x2  
  66  5:42  Stalker, Probe  
  66  5:44  Shield Battery  
  66  5:46  Probe  
  68  5:50  Probe  
  68  5:51  Probe  
  68  5:54  Observer, Probe  
  70  5:58  Probe  
  70  6:03  Shield Battery, Probe  
  73  6:05  Probe  
  73  6:10  Probe  
  73  6:11  Stalker x3  
  78  6:15  Probe  
  78  6:17  Probe  
  80  6:22  Probe  
  81  6:27  Gateway, Probe  
  81  6:29  Forge, Probe  
  81  6:30  Pylon  
  81  6:34  Probe  
  81  6:39  Probe, Observer  
  81  6:41  Probe  
  81  6:46  Probe  
  81  6:47  Stalker x3  
  81  6:51  Protoss Ground Weapons Level 1, Probe  
  81  6:52  Observer  
  81  6:53  Probe  
  89  6:58  Probe  
  90  7:02  Gateway  
  90  7:03  Probe  
  90  7:04  Gateway  
  90  7:05  Probe  
  90  7:06  Gateway  
  92  7:10  Gateway, Warp Prism  
  94  7:19  Pylon  
  94  7:21  Stalker x4  
  101  7:31  Nexus  
  101  7:33  Assimilator  
  101  7:35  Robotics Bay  
  101  7:39  Immortal  
  104  7:52  Zealot, Sentry  
  104  7:53  Shield Battery  
  104  7:54  Probe  
  104  7:55  Pylon  
  109  8:05  Probe x2  
  107  8:07  Probe  
  104  8:13  Zealot x6  
  104  8:17  Probe, Pylon  
  116  8:20  Colossus  
  116  8:24  Pylon  
  116  8:26  Pylon x2  
  114  8:40  Zealot x2  
  124  8:50  Zealot x6  
  124  8:54  Probe  
  124  8:55  Probe x2  
  129  8:56  Probe  
  124  9:06  Probe  
  124  9:07  Probe x2  
  124  9:08  Probe  
  120  9:19  Probe  
  120  9:21  Zealot x5  
  120  9:22  Zealot x3  
  131  9:27  Observer  
  125  9:34  Probe  
  125  9:37  Probe  
  129  9:41  Forge  
  129  9:42  Zealot x8  
  145  9:55  Pylon  
Show
View Real Time Build Order
Export as new Build Order

LiquidClem Terran 

Build Orders:  

Get SALT Encoding   

  12  0:00  SCV  
  13  0:12  SCV  
  14  0:16  Supply Depot  
  14  0:24  SCV  
  15  0:38  SCV  
  15  0:39  Barracks  
  16  0:42  Refinery  
  16  0:50  SCV  
  16  0:52  Refinery  
  17  1:02  SCV  
  18  1:14  SCV  
  19  1:26  Orbital Command, Reaper  
  19  1:30  Supply Depot  
  20  1:42  Factory  
  20  1:52  SCV  
  21  1:58  Reaper  
  22  2:04  SCV  
  23  2:15  Command Center  
  23  2:18  SCV  
  24  2:25  Hellion  
  26  2:30  SCV  
  26  2:31  Barracks Reactor  
  27  2:41  Supply Depot  
  27  2:42  SCV  
  28  2:46  Starport  
  28  2:48  Widow Mine  
  30  2:54  SCV  
  31  3:06  SCV  
  31  3:07  Marine x2  
  31  3:10  Factory Tech Lab  
  34  3:18  SCV  
  35  3:22  Medivac  
  35  3:25  Marine x2  
  39  3:33  SCV  
  40  3:37  Refinery  
  40  3:42  Factory Tech Lab  
  40  3:43  Marine x2  
  40  3:45  SCV  
  40  3:48  Orbital Command  
  41  3:57  SCV  
  41  4:01  Marine x2  
  42  4:04  Bunker  
  42  4:08  Banshee, Cloaking Field  
  46  4:10  SCV  
  46  4:15  SCV  
  47  4:18  Siege Tank  
  47  4:22  Supply Depot  
  47  4:24  SCV  
  51  4:27  SCV  
  51  4:28  Marine  
  51  4:30  Marine  
  54  4:36  SCV  
  54  4:39  SCV  
  52  4:46  Marine  
  52  4:48  SCV  
  52  4:50  Siege Tank  
  52  4:51  SCV  
  51  4:53  Banshee  
  54  5:00  SCV  
  54  5:02  Barracks  
  54  5:03  Supply Depot, SCV  
  54  5:06  Marine x2  
  58  5:12  SCV  
  59  5:15  Barracks, SCV  
  59  5:20  Supply Depot  
  60  5:24  SCV  
  60  5:25  Siege Tank  
  60  5:27  Engineering Bay  
  64  5:29  SCV  
  64  5:31  Marine  
  62  5:36  SCV  
  62  5:41  SCV  
  62  5:42  Marine  
  65  5:48  Supply Depot, SCV  
  65  5:49  Marine  
  67  5:53  SCV  
  68  5:57  Terran Infantry Weapons Level 1  
  68  6:00  Siege Tank  
  68  6:01  Marine, SCV  
  68  6:02  Marine  
  71  6:05  SCV  
  71  6:09  Marine  
  71  6:11  Refinery  
  68  6:13  SCV  
  68  6:14  Stimpack  
  68  6:17  SCV  
  70  6:19  Marine  
  70  6:23  Marine  
  70  6:25  SCV  
  73  6:27  Marine  
  73  6:29  SCV  
  75  6:37  SCV  
  73  6:40  Marine  
  73  6:42  Marauder  
  73  6:43  Starport Reactor  
  75  6:50  Marine, Factory Reactor  
  75  6:51  Command Center  
  75  6:53  SCV  
  75  6:55  SCV  
  75  7:02  Supply Depot, Marine  
  75  7:04  Marauder  
  75  7:05  Combat Shield  
  75  7:07  Marauder  
  75  7:08  Marine  
  81  7:14  Barracks  
  81  7:19  Barracks  
  81  7:21  Medivac x2  
  85  7:24  Marine  
  85  7:25  Marauder  
  85  7:26  Supply Depot  
  85  7:27  Supply Depot  
  85  7:29  Marauder  
  85  7:31  SCV x2  
  85  7:33  Widow Mine  
  85  7:35  Widow Mine, Marine  
  92  7:43  SCV  
  92  7:44  SCV  
  91  7:46  Marauder  
  91  7:48  Supply Depot  
  92  7:51  Marine, Terran Infantry Armor Level 1  
  92  7:53  Marauder  
  92  7:55  SCV  
  92  7:56  SCV  
  92  7:58  Widow Mine  
  99  8:05  Medivac  
  92  8:07  Marine, Barracks Tech Lab, SCV  
  92  8:08  Barracks Reactor, SCV x2  
  92  8:12  Marine  
  89  8:13  Widow Mine  
  89  8:15  Medivac  
  89  8:19  SCV  
  97  8:20  Widow Mine, Marauder  
  97  8:23  SCV  
  102  8:27  Marauder  
  102  8:30  Marine  
  102  8:31  SCV  
  102  8:32  Marauder  
  102  8:33  Marine  
  105  8:35  SCV  
  105  8:41  Marauder  
  105  8:44  Viking  
  105  8:48  Marine, Marauder  
  104  8:49  Marine  
  104  8:53  Marauder  
  104  8:54  Marine x2  
  104  8:55  SCV  
  104  8:59  Orbital Command  
  104  9:00  SCV  
  104  9:02  Marine  
  97  9:05  Marine  
  97  9:07  Marine, SCV  
  97  9:09  Marine  
  97  9:12  Marine, SCV  
  97  9:15  Marine x2  
  99  9:19  SCV  
  99  9:20  Marine  
  99  9:23  Marine  
  93  9:24  SCV  
  93  9:25  Marine  
  93  9:26  SCV  
  93  9:27  Marauder  
  93  9:29  Marine  
  92  9:31  SCV  
  92  9:33  Marine  
  92  9:34  Marauder, Medivac  
  92  9:36  SCV  
  92  9:37  Marine, Medivac  
  101  9:39  Widow Mine  
  101  9:40  Widow Mine  
  101  9:42  Supply Depot, SCV  
  101  9:44  SCV  
  107  9:47  Marine  
  107  9:48  SCV  
  107  9:50  Marine x2  
  107  9:51  Supply Depot  
  111  9:54  Marine, Marauder  
  111  9:55  SCV  
  111  9:56  SCV  
  111  9:58  Marauder  
  118  10:00  SCV  
Tags
 
Composition
Blink Stalkers
Matchup
PvT
Spawn Locations
Cross Positions
Add a new tag
Caveats
  • Supply blocks, unpowered buildings, or Contaminate may cause inaccurate times.
  • Supply counts are checked every 10 seconds.